 Dungeon Crawl Stone Soup version 0.22-a0-157-g169b76a (webtiles) character file.

87323 mhoghedin the Destroyer (level 15, 0/128 HPs)
             Began as a White Draconian Conjurer on Feb 8, 2018.
             Was a High Priest of Vehumet.
             Succumbed to a black mamba's poison
             ... on level 4 of the Lair of Beasts.
             The game lasted 01:54:48 (36316 turns).

mhoghedin the Destroyer (White Draconian Conjurer) Turns: 36316, Time: 01:54:48

Health: 0/128      AC: 12    Str:  8      XL:     15   Next: 43%
Magic:  7/29       EV: 18    Int: 26 (27) God:    Vehumet [*****.]
Gold:   1293       SH:  8    Dex: 14      Spells: 0/34 levels left

rFire    + + +     SeeInvis .   a - staff of conjuration {!a}
rCold    + + .     Gourm    .   D - +3 warlock's mirror {reflect}
rNeg     . . .     Faith    +   (armour unavailable)
rPois    +         Spirit   .   (helmet restricted)
rElec    +         Reflect  +   g - scarf {rC+ rF+}
rCorr    +         Harm     .   y - +1 pair of gloves (curse)
MR       ++...                  r - +0 pair of boots
Stlth    ++........             I - amulet of faith {Faith, !P}
HPRegen  0.31/turn              P - ring of protection from magic {MR+, !d}
MPRegen  0.21/turn              x - ring of fire {rF+, rC-}

@: brilliant, lethally poisoned (0 -> -9), resistant, flying, very slightly
contaminated
A: breathe frost, unfitting armour, stinger 1, agile 1, cold resistance 1,
deterioration 1, weak 1, cold-blooded, AC +9
a: Breathe Frost, Renounce Religion


You were on level 4 of the Lair of Beasts.
You worshipped Vehumet.
Vehumet was extremely pleased with you.
You were not hungry.

You visited 5 branches of the dungeon, and saw 25 of its levels.

You collected 2303 gold pieces.
You spent 1010 gold pieces at shops.

Inventory:

Hand Weapons
 b - a +1 short sword of draining
   (You took it off a kobold on level 1 of the Dungeon)
Armour
 g - a scarf of resistance (worn)
   (You found it on level 6 of the Lair of Beasts)
 r - a +0 pair of boots (worn)
   (You found it on level 5 of the Dungeon)
 y - a cursed +1 pair of gloves (worn)
   (You found it on level 6 of the Dungeon)
 D - the +3 warlock's mirror (worn) {reflect}
   (You bought it in a shop on level 2 of the Orcish Mines)
Magical Staves
 a - an uncursed staff of conjuration (weapon) {!a}
   (You found it on level 6 of the Lair of Beasts)
 t - an uncursed staff of fire {rF+}
   (You found it on level 6 of the Lair of Beasts)
Jewellery
 d - a +3 ring of evasion
   (You found it on level 1 of the Dungeon)
 s - an uncursed amulet of magic regeneration
   (You found it on level 5 of the Dungeon)
 u - an uncursed ring of wizardry {Wiz+, !d}
   (You found it on level 1 of the Snake Pit)
 x - a ring of fire (right hand) {rF+, rC-}
   (You found it on level 7 of the Dungeon)
 I - an amulet of faith (around neck) {Faith, !P}
   (You found it on level 10 of the Dungeon)
 P - a ring of protection from magic (left hand) {MR+, !d}
   (You found it on level 15 of the Dungeon)
Wands
 m - a wand of paralysis (8)
   (You found it on level 3 of the Dungeon)
 v - a wand of disintegration (25)
   (You found it on level 5 of the Dungeon)
 A - a wand of random effects (41)
   (You found it on level 6 of the Dungeon)
 C - a wand of digging (10)
   (You took it off Pikel on level 7 of the Dungeon)
 G - a wand of clouds (3)
   (You found it on level 6 of the Lair of Beasts)
 N - a wand of scattershot (6)
   (You found it on level 11 of the Dungeon)
 Q - a wand of acid (7)
   (You found it on level 12 of the Dungeon)
Scrolls
 c - a scroll of immolation {!r}
 f - 6 scrolls of teleportation
 i - a scroll of brand weapon
 l - a scroll of enchant armour
 n - 12 scrolls of remove curse
 p - 5 scrolls of amnesia
 E - 3 scrolls of enchant weapon
 J - 3 scrolls of fog
 M - a scroll of blinking {!r}
 O - 2 scrolls of magic mapping {!r}
 Y - 2 scrolls of silence
Potions
 h - 3 potions of haste
 k - 3 potions of cancellation
 o - a potion of agility
Miscellaneous
 z - a crystal ball of energy
   (You found it on level 3 of the Lair of Beasts)
 B - 2 sacks of spiders
 S - a lightning rod (4/4)
   (You found it on level 12 of the Dungeon)
Comestibles
 e - 24 rations


   Skills:
 - Level 10.7 Fighting
 - Level 6.7 Short Blades
 - Level 9.3 Dodging
 - Level 1.7 Stealth
 - Level 4.1 Shields
 - Level 10.1 Spellcasting
 - Level 13.1 Conjurations
 - Level 7.7 Hexes
 - Level 6.0 Necromancy
 - Level 3.5 Translocations
 - Level 7.7 Fire Magic
 + Level 5.7 Earth Magic
 - Level 5.0 Poison Magic


You couldn't memorise any spells.
You knew the following spells:

 Your Spells              Type           Power        Failure   Level  Hunger
a - Magic Dart            Conj           ####         0%          1    None
b - Olgreb's Toxic Radia  Pois           ######..     1%          4    None
c - Bolt of Draining      Conj/Necr      #######...   1%          5    ####...
d - Fulminant Prism       Conj/Hex       #######...   1%          4    None
e - Iron Shot             Conj/Erth      #######...   1%          6    #####..
f - Fireball              Conj/Fire      ########..   1%          5    ####...
g - Ignite Poison         Fire/Tmut/Pois ######..     1%          3    None
h - Blink                 Tloc           N/A          1%          2    None
s - Sticky Flame          Conj/Fire      ########     1%          4    None


Dungeon Overview and Level Annotations

Branches:
Dungeon (15/15)            Temple (1/1) D:4            Lair (6/6) D:9
 Shoals (0/4) Lair:2        Snake (1/4) Lair:4        Slime (0/5) Lair:6
    Orc (2/2) D:9             Elf (0/3) Orc:2        Vaults (0/5) D:14
 Depths (0/5) D:15

Altars:
Ashenzari
Fedhas
Gozag
Makhleb
Qazlal
Ru
Sif Muna
Trog
Uskayaw
Vehumet
Xom
Yredelemnul
The Shining One
Jiyva

Shops:
D:4 !   D:12 *}%%(   Orc:2 [?[

Annotations:
D:10 exclusion: obsidian statue
Lair:4 Asterion


Innate Abilities, Weirdness & Mutations

You can breathe waves of freezing cold.
You can buffet flying creatures when you breathe cold.
Your icy white scales are hard. (AC +9)
You cannot fit into any form of body armour.
Your flesh is cold resistant. (rC+)
You are cold-blooded and may be slowed by cold attacks.
Your tail ends in a poisonous barb.
You are agile. (Dex +2)
Your body sometimes deteriorates upon taking damage.
You are weak. (Str -2)


Message History

There is a staircase to the Snake Pit here.
Unknown command.
Unknown command.
You take 18 damage, and have 42/128 hp.
As you read the scroll of teleportation, it crumbles to dust.
You feel strangely unstable.
You feel sick. The black mamba bites you.
* * * LOW HITPOINT WARNING * * *
You are more poisoned.
The black mamba poisons you! Asterion misses you. Asterion gores you!
* * * LOW HITPOINT WARNING * * *
The black mamba barely misses you.
You take 13 damage, and have 29/128 hp.
Unknown command.
Okay, then.
* * * LOW HITPOINT WARNING * * *
You feel very sick. You block the black mamba's attack.
Asterion utters an invocation to Makhleb.
You block the black mamba's attack.
You take 3 damage, and have 26/128 hp.
Your surroundings suddenly seem different.
* * * LOW HITPOINT WARNING * * *
You feel very sick.
You take 3 damage, and have 23/128 hp.
Unknown command.
Search for what [Enter for "mr", or ? for help]? curing Can't find anything matching that.
You're wearing all the rings you can.
Remove which one? (? for menu, Esc to cancel) < or
d - a +3 ring of evasion; > or
x - a ring of fire {rF+, rC-}
Okay, then.
Unknown command.
Unknown command.
It was a potion of flight.
You feel very buoyant.
You fly up into the air.
* * * LOW HITPOINT WARNING * * *
You feel very sick.
You take 3 damage, and have 20/128 hp.
Unknown command.
Really quaff
q - a potion of mutation {!q}?
You feel extremely strange.
You feel yourself wasting away.
A poisonous barb forms on the end of your tail.
You feel weaker.
You feel agile.
* * * LOW HITPOINT WARNING * * *
You feel very sick.
You take 2 damage, and have 18/128 hp.
Unknown command.
Unknown command.
You feel protected.
* * * LOW HITPOINT WARNING * * *
You feel very sick.
You take 3 damage, and have 15/128 hp.
You're wearing all the rings you can.
Remove which one? (? for menu, Esc to cancel) < or
d - a +3 ring of evasion; > or
x - a ring of fire {rF+, rC-} You remove your +3 ring of evasion.
* * * LOW HITPOINT WARNING * * *
You feel sick.
u - a ring of wizardry (left hand)
* * * LOW HITPOINT WARNING * * *
You feel sick.
You take 2 damage, and have 13/128 hp.
You're wearing all the rings you can.
Remove which one? (? for menu, Esc to cancel) < or
u - a ring of wizardry {Wiz+, !d}; > or
x - a ring of fire {rF+, rC-} You remove your ring of wizardry {Wiz+, !d}.
* * * LOW HITPOINT WARNING * * *
You feel sick.
P - a ring of protection from magic (left hand)
* * * LOW HITPOINT WARNING * * *
You feel sick.
You take 2 damage, and have 11/128 hp.
There is a lethal amount of poison in your body!
* * * LOW HITPOINT WARNING * * *
You feel very sick.
You take 2 damage, and have 9/128 hp.
* * * LOW HITPOINT WARNING * * *
You feel sick.
You take 2 damage, and have 7/128 hp.
Unknown command.
* * * LOW HITPOINT WARNING * * *
You feel sick.
You take 1 damage, and have 6/128 hp.
* * * LOW HITPOINT WARNING * * *
You feel sick.
You take 1 damage, and have 5/128 hp.
* * * LOW HITPOINT WARNING * * *
You feel sick.
You take 2 damage, and have 3/128 hp.
* * * LOW HITPOINT WARNING * * *
You feel sick.
You take 1 damage, and have 2/128 hp.
* * * LOW HITPOINT WARNING * * *
You feel sick.
You take 1 damage, and have 1/128 hp.
You die...

..#...........# #P#..##PP......
.##....#.....########..###P..#...
.#.......P....#....P#..###...#...
....................#..##P..#....
...........<##.#.................
....>..........###...............
..#.......#....##.........##..)..
(..#.#..........P.....P.####.#...
................@..........#..#.[
#....................P.........#.
#....................P#..........
##.###.........#.....###....#.##.
####......#..P#.#...#......###..
#P............................
#.............................
#...............P.............
#...........#.#PP.P.......#..#


There were no monsters in sight!

Vanquished Creatures
  Kirke (Lair:6)
  Azrael (Orc:2)
  Josephine (D:11)
  5 vault guards (D:14)
  8 hydras
  A merfolk avatar (Lair:6)
  2 catoblepae
  A centaur warrior (D:14)
  A death knight (D:13)
  Erica (D:11)
  A queen ant (D:9)
  3 two-headed ogres
  An anaconda (Snake:1)
  3 orc high priests (Orc:2)
  The ghost of p0werm0de the Tainter, a novice TeVM of Sif Muna (D:9)
  A titan skeleton (D:15)
  2 sea snakes
  2 skeletal warriors (D:15)
  2 unseen horrors
  A flayed ghost (D:15)
  A wizard (D:14)
  A necromancer (D:15)
  A frost giant zombie (D:15)
  Pikel (D:7)
  5 orc sorcerers
  A stone giant zombie (D:15)
  A deep elf mage (D:15)
  The ghost of Protee the Blocker, a novice FoFi (D:4)
  5 orc knights
  5 ugly things
  14 elephants
  A cyclops (D:15)
  Joseph (D:7)
  Maurice (D:9)
  4 manticores
  4 black mambas
  A naga mage (Snake:1)
  A torpor snail (Lair:4)
  7 spiny frogs
  2 yaktaurs (D:14)
  8 rime drakes
  6 komodo dragons
  2 kobold demonologists
  A freezing wraith (D:14)
  2 polar bears (Lair:6)
  A tengu conjurer (D:14)
  2 trolls
  3 hornets
  3 meliai (D:15)
  A wind drake (Lair:6)
  6 slime creatures
  11 blink frogs
  Grinder (D:6)
  A meliai zombie (D:12)
  13 hippogriffs
  2 centaur simulacra
  A spriggan (shapeshifter) (D:14)
  A deep troll skeleton (D:15)
  6 wyverns
  A spriggan (D:9)
  A shadow (D:15)
  Grum (D:8)
  4 hogs (Lair:6)
  2 basilisks
  35 yaks
  6 wraiths
  A hungry ghost (D:11)
  4 fire elementals (Orc:2)
  4 soldier ants
  A warg (Orc:2)
  3 nagas
  An acid dragon (D:11)
  2 hell hounds (Orc:2)
  18 water moccasins
  7 porcupines
  26 orc warriors
  A swamp drake (D:9)
  10 sky beasts
  4 slaves (D:7)
  2 eyes of draining
  2 ice beasts
  2 necrophages
  3 phantoms
  13 ogres
  6 centaurs
  11 wolves
  15 crocodiles
  18 big kobolds
  Blork the orc (D:6)
  14 bullfrogs
  2 wyvern skeletons
  2 scorpions
  4 killer bees (D:9)
  4 electric eels
  4 howler monkeys
  5 crimson imps
  4 centaur zombies
  2 lava snakes (D:7)
  5 bullfrog zombies
  5 jellies
  9 hounds
  2 quasits
  25 orc priests
  4 bullfrog skeletons
  4 iguanas
  27 orc wizards
  37 worker ants
  A hound skeleton (D:4)
  11 adders
  5 gnolls
  2 shadow imps
  3 oozes
  3 adder zombies
  2 adder skeletons (D:8)
  2 worms
  3 dart slugs
  5 leopard geckos
  79 orcs
  2 ball pythons
  6 bats
  A bat skeleton (D:2)
  2 bat zombies (D:2)
  4 giant cockroaches
  11 hobgoblins
  18 jackals
  4 quokkas
  4 frilled lizards
  5 goblins
  17 kobolds
  2 leopard gecko skeletons
  A leopard gecko zombie (D:6)
  5 rats
  4 fungi
  3 plants
  2 withered plants (D:15)
739 creatures vanquished.

Vanquished Creatures (others)
  A hound (D:9)
  3 orcs
  A bush (Lair:6)
  156 fulminant prisms
  9 fungi
  20 plants
  2 withered plants (D:15)
192 creatures vanquished.

Grand Total: 931 creatures vanquished

Notes
Turn   | Place    | Note
-------+----------+-------------------------------------------
     0 | D:1      | mhoghedin the Draconian Conjurer began the quest for the Orb.
     0 | D:1      | Reached XP level 1. HP: 14/14 MP: 3/3
   197 | D:1      | HP: 1/14 [gnoll/spear (7)]
   205 | D:1      | Reached XP level 2. HP: 3/20 MP: 0/5
   961 | D:1      | Reached XP level 3. HP: 20/26 MP: 7/7
  1365 | D:2      | Learned a level 2 spell: Searing Ray
  1369 | D:2      | Learned a level 3 spell: Dazzling Spray
  1537 | D:2      | Reached skill level 3 in Spellcasting
  1811 | D:2      | Reached XP level 4. HP: 33/33 MP: 6/8
  2189 | D:2      | Reached skill level 5 in Conjurations
  2533 | D:2      | Found a shimmering altar of Xom.
  2618 | D:3      | Found a blossoming altar of Fedhas.
  2937 | D:3      | Reached XP level 5. HP: 28/38 MP: 6/10
  2943 | D:3      | Learned a level 4 spell: Iskenderun's Mystic Blast
  2995 | D:3      | Found a deep blue altar of Sif Muna.
  3459 | D:3      | Found a basalt altar of Yredelemnul.
  3851 | D:4      | Noticed a phantom
  3851 | D:4      | Found Fonefeatt's Distillery.
  3854 | D:4      | Noticed Protee's ghost (novice FoFi)
  3862 | D:4      | Reached skill level 4 in Spellcasting
  3862 | D:4      | Reached skill level 1 in Hexes
  4128 | D:4      | Reached XP level 6. HP: 41/45 MP: 8/12
  4171 | D:4      | Found a bloodstained altar of Trog.
  4191 | D:4      | Reached skill level 2 in Hexes
  4221 | D:4      | Reached skill level 6 in Conjurations
  4476 | D:4      | Your scales start taking on an icy white colour.
  4476 | D:4      | Reached XP level 7. HP: 50/50 MP: 4/14
  4476 | D:4      | Gained mutation: Your flesh is cold resistant. (rC+) [White Draconian growth]
  4768 | D:5      | Entered Level 5 of the Dungeon
  5069 | D:5      | Found an opulent altar of Gozag.
  5106 | D:5      | Reached skill level 5 in Spellcasting
  5106 | D:5      | Reached skill level 3 in Hexes
  5114 | D:5      | Learned a level 4 spell: Fulminant Prism
  5197 | D:5      | Found a burning altar of Makhleb.
  5814 | D:7      | Noticed a hippogriff
  5819 | D:7      | Noticed Joseph
  6233 | D:7      | Noticed a hippogriff
  6240 | D:7      | Killed a hippogriff
  6240 | D:7      | Reached skill level 7 in Conjurations
  6240 | D:7      | Reached XP level 8. HP: 55/57 MP: 10/16
  6269 | D:6      | Reached skill level 4 in Hexes
  6334 | D:6      | Reached skill level 6 in Spellcasting
  6414 | D:6      | Reached skill level 2 in Dodging
  6420 | D:6      | Reached skill level 1 in Fighting
  6433 | D:6      | Reached skill level 1 in Short Blades
  6541 | D:6      | Noticed Blork the orc
  6546 | D:6      | Killed Blork the orc
  6562 | D:6      | Reached skill level 2 in Fighting
  6569 | D:6      | Reached skill level 2 in Short Blades
  6604 | D:6      | Noticed Grinder
  6615 | D:6      | Killed Grinder
  6615 | D:6      | Reached skill level 3 in Fighting
  6615 | D:6      | Reached skill level 3 in Dodging
  6621 | D:6      | Learned a level 4 spell: Force Lance
  7007 | D:6      | Reached skill level 1 in Translocations
  7007 | D:6      | Reached XP level 9. HP: 60/68 MP: 18/18
  7201 | D:7      | Noticed Pikel
  7216 | D:7      | Killed Pikel
  7216 | D:7      | Reached skill level 8 in Conjurations
  7216 | D:7      | Reached skill level 5 in Hexes
  7216 | D:7      | Reached skill level 2 in Translocations
  7222 | D:7      | HP: 15/68 [fulminant prism[the player character] (19)]
  7503 | D:7      | Identified the Guide on Displaced Transformation
  7600 | D:7      | Reached skill level 3 in Translocations
  7718 | D:7      | HP: 10/68 [Joseph/sling bullet (15)]
  7898 | D:7      | Killed Joseph
  7898 | D:7      | Reached skill level 7 in Spellcasting
  8108 | D:8      | Reached skill level 3 in Short Blades
  8425 | D:8      | Noticed Grum
  8438 | D:8      | Killed Grum
  8438 | D:8      | Reached skill level 4 in Fighting
  8438 | D:8      | Reached XP level 10. HP: 37/78 MP: 6/20
  8461 | D:8      | Reached skill level 4 in Dodging
  8860 | D:8      | Reached skill level 4 in Short Blades
  9450 | D:9      | Reached skill level 5 in Fighting
  9567 | D:9      | Reached skill level 5 in Short Blades
  9567 | D:9      | Reached skill level 5 in Dodging
  9588 | D:9      | HP: 20/81 [something (6)]
  9629 | D:9      | Noticed Maurice
  9630 | D:9      | HP: 13/83 [Maurice/wand of acid (9) (11)]
  9630 | D:9      | HP: 3/83 [acid (10)]
 10033 | D:9      | Reached skill level 6 in Fighting
 10586 | D:9      | Killed Maurice
 10586 | D:9      | Reached skill level 6 in Short Blades
 10608 | D:9      | Reached skill level 6 in Dodging
 10937 | D:9      | Reached skill level 7 in Fighting
 11011 | D:9      | Reached XP level 11. HP: 89/92 MP: 11/21
 11142 | D:9      | Found a staircase to the Orcish Mines.
 11247 | D:9      | Noticed p0werm0de's ghost (novice TeVM)
 11482 | D:9      | Noticed a queen ant
 11556 | D:9      | HP: 23/92 [poisoned by a worker ant]
 11559 | D:9      | Killed a queen ant
 11561 | D:9      | HP: 22/92 [poisoned by a worker ant]
 11569 | D:9      | HP: 22/92 [poisoned by a worker ant]
 11577 | D:9      | HP: 22/92 [poisoned by a worker ant]
 11657 | D:9      | Reached skill level 6 in Hexes
 11876 | D:9      | Found a staircase to the Lair.
 13249 | D:4      | Killed Protee's ghost
 13249 | D:4      | Reached skill level 9 in Conjurations
 13396 | D:4      | Found a staircase to the Ecumenical Temple.
 13802 | Temple   | Entered the Ecumenical Temple
 13819 | Temple   | Became a worshipper of Vehumet
 13967 | Lair:1   | Entered Level 1 of the Lair of Beasts
 13987 | Lair:1   | Reached skill level 8 in Spellcasting
 14181 | Lair:1   | Reached skill level 7 in Hexes
 14949 | Lair:1   | Learned a level 4 spell: Sticky Flame
 15598 | Lair:2   | Found a staircase to the Shoals.
 15640 | Lair:2   | Reached skill level 10 in Conjurations
 15718 | Lair:2   | Reached skill level 1 in Fire Magic
 15756 | Lair:2   | Reached XP level 12. HP: 78/101 MP: 1/24
 15768 | Lair:2   | Reached skill level 8 in Fighting
 15816 | Lair:2   | Reached skill level 7 in Dodging
 17076 | Lair:3   | Reached * piety under Vehumet
 17076 | Lair:3   | Offered knowledge of Freeze by Vehumet.
 17131 | Lair:3   | Reached skill level 9 in Fighting
 17397 | Lair:3   | Reached skill level 8 in Dodging
 17841 | Lair:4   | Noticed a four-headed hydra
 17871 | Lair:4   | Killed a four-headed hydra
 17871 | Lair:4   | Reached skill level 10 in Fighting
 18174 | Lair:4   | Found a staircase to the Snake Pit.
 18223 | Lair:4   | Offered knowledge of Sting by Vehumet.
 18272 | Lair:4   | Noticed a seven-headed hydra
 18285 | Lair:4   | Killed a seven-headed hydra
 18285 | Lair:4   | Reached skill level 2 in Fire Magic
 18288 | Lair:4   | Reached ** piety under Vehumet
 18476 | Lair:4   | Got a scorched morningstar
 18477 | Lair:4   | Identified the +4 morningstar of Yxif {flame, *Corrode Int-3 Dex+5 SInv} (You found it on level 4 of the Lair of Beasts)
 18803 | Lair:5   | Reached skill level 3 in Fire Magic
 19156 | Lair:5   | Learned a level 5 spell: Fireball
 19685 | Lair:5   | Reached XP level 13. HP: 113/113 MP: 23/25
 19841 | Lair:6   | Entered Level 6 of the Lair of Beasts
 19853 | Lair:5   | Paralysed by a hornet for 2 turns
 19854 | Lair:5   | HP: 24/113 [sea snake (21)]
 19856 | Lair:5   | Reached skill level 11 in Conjurations
 19859 | Lair:5   | HP: 21/113 [poisoned by a hornet]
 19862 | Lair:5   | HP: 9/113 [sea snake (20)]
 19867 | Lair:5   | HP: 11/113 [poisoned by a sea snake]
 19872 | Lair:5   | HP: 23/113 [poisoned by a sea snake]
 19877 | Lair:5   | HP: 28/113 [poisoned by a sea snake]
 19882 | Lair:5   | HP: 23/113 [poisoned by a sea snake]
 19887 | Lair:5   | HP: 21/113 [poisoned by a sea snake]
 19892 | Lair:5   | HP: 19/113 [poisoned by a sea snake]
 19897 | Lair:5   | HP: 18/113 [poisoned by a sea snake]
 19904 | Lair:5   | HP: 18/113 [poisoned by a sea snake]
 19912 | Lair:5   | HP: 19/113 [poisoned by a sea snake]
 20303 | Lair:6   | Reached skill level 4 in Fire Magic
 20505 | Lair:6   | Offered knowledge of Static Discharge by Vehumet.
 20715 | Lair:6   | Reached skill level 5 in Fire Magic
 21076 | Lair:5   | HP: 27/113 [elephant (12)]
 21097 | Lair:4   | HP: 23/113 [elephant (10)]
 21587 | Lair:5   | HP: 28/113 [poisoned by a sea snake]
 21589 | Lair:5   | Reached *** piety under Vehumet
 21589 | Lair:5   | Reached skill level 12 in Conjurations
 21601 | Lair:5   | HP: 27/113 [poisoned by a sea snake]
 21606 | Lair:5   | HP: 24/113 [poisoned by a sea snake]
 21612 | Lair:5   | HP: 22/113 [poisoned by a sea snake]
 21618 | Lair:5   | HP: 21/113 [poisoned by a sea snake]
 21625 | Lair:5   | HP: 21/113 [poisoned by a sea snake]
 21633 | Lair:5   | HP: 21/113 [poisoned by a sea snake]
 22143 | Lair:6   | Reached skill level 6 in Fire Magic
 22759 | Lair:6   | Found a viscous altar of Jiyva.
 22760 | Lair:6   | Found a staircase to the Slime Pits.
 22781 | Lair:6   | Reached skill level 7 in Fire Magic
 22810 | Lair:6   | Noticed Kirke
 22822 | Lair:6   | Offered knowledge of Olgreb's Toxic Radiance by Vehumet.
 22824 | Lair:6   | Noticed a sphinx
 22826 | Lair:6   | Paralysed by a sphinx for 5 turns
 22827 | Lair:6   | Noticed a sphinx
 23037 | Lair:6   | Learned a level 4 spell: Olgreb's Toxic Radiance
 23041 | Lair:6   | Learned a level 3 spell: Ignite Poison
 23333 | Lair:6   | Reached skill level 1 in Poison Magic
 23742 | Lair:6   | Reached skill level 2 in Poison Magic
 23826 | Lair:6   | Got a shimmering scythe
 23978 | Lair:6   | Killed Kirke
 23978 | Lair:6   | Reached skill level 3 in Poison Magic
 23978 | Lair:6   | Reached XP level 14. HP: 66/121 MP: 3/26
 24374 | D:9      | Killed p0werm0de's ghost
 24374 | D:9      | Reached skill level 4 in Poison Magic
 24440 | D:10     | Entered Level 10 of the Dungeon
 24462 | D:10     | Reached **** piety under Vehumet
 24471 | D:10     | Offered knowledge of Throw Icicle by Vehumet.
 24931 | D:10     | Reached skill level 5 in Poison Magic
 25450 | D:11     | Noticed Erica
 25460 | D:11     | Killed Erica
 25543 | D:11     | Noticed Josephine
 25545 | D:11     | Reached skill level 9 in Dodging
 25552 | D:11     | Reached ***** piety under Vehumet
 25554 | D:11     | Killed Josephine
 25992 | D:11     | Offered knowledge of Bolt of Draining by Vehumet.
 26066 | D:12     | Found Yhamic's Food Emporium.
 26285 | D:12     | Found Laar's Gadget Boutique.
 26291 | D:12     | Found Laasazor's Assorted Antiques.
 26400 | D:12     | Found Rut Icha's Food Shoppe.
 26466 | D:12     | Found Ustoih Liph's Antique Weapon Boutique.
 26791 | D:12     | Learned a level 2 spell: Blink
 27213 | D:13     | Reached skill level 1 in Shields
 27495 | D:13     | Reached skill level 2 in Shields
 27879 | D:13     | Reached skill level 3 in Shields
 28606 | D:14     | Got a pair of pitted boots
 28607 | D:14     | Identified the +1 pair of boots of the Gate {-Tele rElec Dex+2} (You found it on level 14 of the Dungeon)
 28767 | D:14     | Reached skill level 4 in Shields
 29252 | D:14     | Learned a level 5 spell: Bolt of Draining
 29272 | D:14     | Reached skill level 1 in Necromancy
 29299 | D:14     | Reached skill level 9 in Spellcasting
 29330 | D:14     | Reached skill level 2 in Necromancy
 29575 | D:14     | Found a gate to the Vaults.
 29618 | D:14     | Reached skill level 3 in Necromancy
 29899 | D:14     | Offered knowledge of Ozocubu's Refrigeration by Vehumet.
 30197 | D:14     | Reached skill level 4 in Necromancy
 30622 | D:15     | Entered Level 15 of the Dungeon
 31228 | D:15     | Reached skill level 10 in Spellcasting
 31251 | D:15     | HP: 20/122 [titanic slime creature (50)]
 31256 | D:15     | HP: 19/122 [poisoned by a meliai]
 31264 | D:15     | HP: 20/122 [poisoned by a meliai]
 31653 | D:15     | Reached skill level 5 in Necromancy
 31836 | D:15     | Reached XP level 15. HP: 128/128 MP: 11/29
 31895 | D:15     | Reached skill level 6 in Necromancy
 32745 | D:15     | Found a staircase to the Depths.
 32879 | D:15     | Reached skill level 13 in Conjurations
 33304 | Orc:1    | Entered Level 1 of the Orcish Mines
 33565 | Orc:2    | Entered Level 2 of the Orcish Mines
 33599 | Orc:2    | Found a staircase to the Elven Halls.
 33871 | Orc:2    | Offered knowledge of Iron Shot by Vehumet.
 34303 | Orc:2    | Learned a level 6 spell: Iron Shot
 34575 | Orc:2    | Noticed Azrael
 34577 | Orc:2    | Reached skill level 1 in Earth Magic
 34586 | Orc:2    | HP: 28/128 [Azrael/bolt of fire (11)]
 34586 | Orc:2    | Killed Azrael
 34586 | Orc:2    | Reached skill level 2 in Earth Magic
 35035 | Orc:2    | Found Guodghibe's Antique Armour Shoppe.
 35046 | Orc:2    | Reached skill level 3 in Earth Magic
 35059 | Orc:2    | Reached skill level 4 in Earth Magic
 35513 | Orc:2    | Reached skill level 5 in Earth Magic
 35725 | Orc:2    | Found Ciczeu's Magic Scroll Boutique.
 35731 | Orc:2    | Found Hioptukya's Armour Boutique.
 35733 | Orc:2    | Found Erhag's Food Shoppe.
 35739 | Orc:2    | Bought the +3 warlock's mirror {reflect} for 560 gold pieces
 35739 | Orc:2    | Found the +3 warlock's mirror {reflect}
 36005 | Orc:2    | Bought a ration for 50 gold pieces
 36005 | Orc:2    | Bought a ration for 50 gold pieces
 36005 | Orc:2    | Bought a ration for 50 gold pieces
 36005 | Orc:2    | Bought a ration for 50 gold pieces
 36005 | Orc:2    | Bought a ration for 50 gold pieces
 36005 | Orc:2    | Bought a ration for 50 gold pieces
 36005 | Orc:2    | Bought a ration for 50 gold pieces
 36005 | Orc:2    | Bought a ration for 50 gold pieces
 36005 | Orc:2    | Bought a ration for 50 gold pieces
 36264 | Snake:1  | Entered Level 1 of the Snake Pit
 36287 | Snake:1  | Noticed Asterion
 36299 | Lair:4   | HP: 29/128 [Asterion/morningstar of venom (9)]
 36303 | Lair:4   | Gained mutation: Your body sometimes deteriorates upon taking damage. [potion of mutation]
 36303 | Lair:4   | Gained mutation: Your tail ends in a poisonous barb. [potion of mutation]
 36303 | Lair:4   | Gained mutation: You are weak. (Str -2) [potion of mutation]
 36303 | Lair:4   | Gained mutation: You are agile. (Dex +2) [potion of mutation]
 36304 | Lair:4   | HP: 15/128 [poisoned by a black mamba]
 36309 | Lair:4   | HP: 9/128 [poisoned by a black mamba]
 36313 | Lair:4   | HP: 3/128 [poisoned by a black mamba]
 36315 | Lair:4   | HP: 1/128 [poisoned by a black mamba]
 36316 | Lair:4   | Succumbed to a black mamba's poison

Vault maps used:
D:1:      denvon_arrival_planthouse
D:2:      lemuel_coloured_pillars_altar, serial_undead, serial_undead_a,
          serial_undead_c, serial_undead_b, serial_undead_b
D:3:      led_sif_pool, marbit_many_paths, first_ration, fedhas_altar_3
D:4:      kennysheep_mini_moat, minmay_temple_entry_from_below_a, serial_shops,
          shop, hangedman_decor_growths
D:5:      lemuel_round_altar, nicolae_overflow_hidden_temple
D:6:      uniq_blork_the_orc, uniq_grinder
D:7:      kennysheep_boxes, uniq_joseph, uniq_pikel
D:8:      uniq_grum
D:9:      erik_lair_island, erik_orc_1, corexii_hall_statues_i, grunt_pizzeria,
          zaba_antful_of_joy, uniq_maurice
D:10:     minivault_16, minmay_misc_feat_cross
D:11:     serial_corexii_hall, corexii_hall_statues_i, corexii_hall_statues_s,
          uniq_erica, uniq_josephine
D:12:     serial_shops, shop, nicolae_shop_overgrown_old_shop,
          nicolae_shop_statue_plus, shop, nicolae_shop_stone
D:14:     grunt_vaults_entry_fortified, grunt_decor_cap, due_unseen_surprise
D:15:     gammafunk_depths_entry_grave, serial_glass, glass_columns_b,
          glass_columns_a, glass_columns_a, glass_columns_c, glass_columns_c,
          glass_columns_b, glass_columns_c, glass_columns_c, glass_columns_a,
          glass_columns_a, feat_on_display, feat_on_display
Temple:   nicolae_temple_elliptical
Lair:1:   lab_entry_generic, minivault_26, serial_bayou_shore_a
Lair:2:   elwin_shoals_entry_rocks, serial_bayou_shore_b,
          infiniplex_staircase_pool
Lair:4:   minmay_snake_entry_guardpost_small
Lair:5:   serial_bayou_shore_b, infiniplex_staircase_pool_2
Lair:6:   gammafunk_lair_ancient_temple, dpeg_slime_entry_enclosed_altar,
          uniq_kirke
Snake:1:  nicolae_snake_squiggles, lemuel_fruit_tree, uniq_asterion, uniq_aizul
Orc:1:    orc_temple, uniq_erolcha
Orc:2:    st_orc_elflike, uniq_azrael

Skill      XL: |  1  2  3  4  5  6  7  8  9 10 11 12 13 14 15 |
---------------+----------------------------------------------+-----
Spellcasting   | 3 4 5 6 7 8 10 | 10.1
Conjurations   | 5 6 7 8 10 12 13 | 13.1
Hexes          | 1 2 3 4 5 7 |  7.7
Dodging        | 3 6 8 9 |  9.3
Fighting       | 3 4 7 10 | 10.7
Short Blades   | 2 3 6 |  6.7
Translocations | 1 3 |  3.5
Fire Magic     | 1 3 7 |  7.7
Poison Magic   | 3 5 |  5.0
Shields        | 4 |  4.1
Necromancy     | 5 6 |  6.0
Earth Magic    | 5 |  5.7
Stealth        | |  1.7

Action                   |  1- 3 |  4- 6 |  7- 9 | 10-12 | 13-15 || total
-------------------------+-------+-------+-------+-------+-------++-------
Melee: Unarmed           |     5 |       |       |       |       ||     5
       Short sword       |    18 |    40 |   333 |   703 |   500 ||  1594
       Dagger            |    44 |    93 |       |       |       ||   137
       Tailslap          |     6 |    22 |    23 |    80 |    60 ||   191
       Staff             |       |       |       |       |     2 ||     2
 Cast: Magic Dart        |    29 |    30 |    15 |    26 |    17 ||   117
       Searing Ray       |     2 |    13 |     3 |    14 |    11 ||    43
       Dazzling Spray    |       |     5 |    32 |    90 |    33 ||   160
       Fulminant Prism   |       |       |    23 |    82 |    51 ||   156
       Sticky Flame      |       |       |       |    25 |    50 ||    75
       Iskenderun's Myst |       |       |       |     3 |       ||     3
       Force Lance       |       |       |       |     1 |    14 ||    15
       Fireball          |       |       |       |       |   181 ||   181
       Olgreb's Toxic Ra |       |       |       |       |    53 ||    53
       Bolt of Draining  |       |       |       |       |    30 ||    30
       Ignite Poison     |       |       |       |       |    34 ||    34
       Blink             |       |       |       |       |     2 ||     2
       Iron Shot         |       |       |       |       |     8 ||     8
 Abil: Breathe Frost     |       |       |     3 |     4 |     3 ||    10
Evoke: Wand              |       |     1 |     5 |    12 |    17 ||    35
       Sack of spiders   |       |       |       |       |     2 ||     2
  Use: Scroll            |     2 |     5 |     7 |    14 |    16 ||    44
       Potion            |       |       |     3 |     2 |    11 ||    16
 Stab: Sleeping          |       |     3 |     1 |     3 |     3 ||    10
       Paralysed         |       |       |     5 |     1 |       ||     6
       Invisible         |       |       |     3 |    10 |       ||    13
       Distracted        |       |       |       |     1 |     1 ||     2
       Confused          |       |       |       |     1 |       ||     1
       Petrified         |       |       |       |       |     1 ||     1
  Eat: Ration            |     1 |       |     1 |     8 |    19 ||    29
       Chunk             |       |    14 |    10 |    19 |    47 ||    90
Armor: Skin              |    29 |    41 |   128 |   198 |   200 ||   596
Dodge: Dodged            |    64 |   154 |   297 |   739 |   745 ||  1999
Block: Buckler           |       |       |       |       |    71 ||    71

Table legend:
 A = Spawn XP
 B = Non-spawn XP
 C = Spawn XP percentage of total XP
 D = Spawn monster count
 E = Non-spawn monster count
 F = Spawn count percentage of total count
 G = Total turns spent on level
                    A         B        C        D         E        F      G
               +---------+---------+-------+---------+---------+-------+---------
         Total |       0 |  124748 |   0.0 |       0 |     727 |   0.0 | 36316
               +---------+---------+-------+---------+---------+-------+---------
           D:1 |       0 |      49 |   0.0 |       0 |      19 |   0.0 |  1322
           D:2 |       0 |     109 |   0.0 |       0 |      28 |   0.0 |  1425
           D:3 |       0 |     125 |   0.0 |       0 |      28 |   0.0 |  1411
           D:4 |       0 |    1747 |   0.0 |       0 |      28 |   0.0 |  1294
           D:5 |       0 |     348 |   0.0 |       0 |      13 |   0.0 |  1131
           D:6 |       0 |    1516 |   0.0 |       0 |      31 |   0.0 |   943
           D:7 |       0 |    2102 |   0.0 |       0 |      13 |   0.0 |  1428
           D:8 |       0 |    1957 |   0.0 |       0 |      30 |   0.0 |  2599
           D:9 |       0 |    9072 |   0.0 |       0 |     103 |   0.0 |  2687
          D:10 |       0 |    2323 |   0.0 |       0 |      31 |   0.0 |   988
          D:11 |       0 |    6298 |   0.0 |       0 |      36 |   0.0 |   756
          D:12 |       0 |    3266 |   0.0 |       0 |      21 |   0.0 |   879
          D:13 |       0 |    4328 |   0.0 |       0 |      22 |   0.0 |  1443
          D:14 |       0 |   12880 |   0.0 |       0 |      30 |   0.0 |  2778
          D:15 |       0 |   14515 |   0.0 |       0 |      51 |   0.0 |  1835
        Lair:1 |       0 |    4105 |   0.0 |       0 |      22 |   0.0 |  1700
        Lair:2 |       0 |    3548 |   0.0 |       0 |      12 |   0.0 |  1221
        Lair:3 |       0 |    4338 |   0.0 |       0 |      17 |   0.0 |   929
        Lair:4 |       0 |    7097 |   0.0 |       0 |      27 |   0.0 |  1497
        Lair:5 |       0 |    7206 |   0.0 |       0 |      23 |   0.0 |  2684
        Lair:6 |       0 |   22309 |   0.0 |       0 |      55 |   0.0 |  2491
       Snake:1 |       0 |    1495 |   0.0 |       0 |       3 |   0.0 |    34
         Orc:1 |       0 |    1708 |   0.0 |       0 |      16 |   0.0 |   270
         Orc:2 |       0 |   12307 |   0.0 |       0 |      68 |   0.0 |  2537
               +---------+---------+-------+---------+---------+-------+---------

Vault maps used:
D:1:      denvon_arrival_planthouse
D:2:      lemuel_coloured_pillars_altar, serial_undead, serial_undead_a,
          serial_undead_c, serial_undead_b, serial_undead_b
D:3:      led_sif_pool, marbit_many_paths, first_ration, fedhas_altar_3
D:4:      kennysheep_mini_moat, minmay_temple_entry_from_below_a, serial_shops,
          shop, hangedman_decor_growths
D:5:      lemuel_round_altar, nicolae_overflow_hidden_temple
D:6:      uniq_blork_the_orc, uniq_grinder
D:7:      kennysheep_boxes, uniq_joseph, uniq_pikel
D:8:      uniq_grum
D:9:      erik_lair_island, erik_orc_1, corexii_hall_statues_i, grunt_pizzeria,
          zaba_antful_of_joy, uniq_maurice
D:10:     minivault_16, minmay_misc_feat_cross
D:11:     serial_corexii_hall, corexii_hall_statues_i, corexii_hall_statues_s,
          uniq_erica, uniq_josephine
D:12:     serial_shops, shop, nicolae_shop_overgrown_old_shop,
          nicolae_shop_statue_plus, shop, nicolae_shop_stone
D:14:     grunt_vaults_entry_fortified, grunt_decor_cap, due_unseen_surprise
D:15:     gammafunk_depths_entry_grave, serial_glass, glass_columns_b,
          glass_columns_a, glass_columns_a, glass_columns_c, glass_columns_c,
          glass_columns_b, glass_columns_c, glass_columns_c, glass_columns_a,
          glass_columns_a, feat_on_display, feat_on_display
Temple:   nicolae_temple_elliptical
Lair:1:   lab_entry_generic, minivault_26, serial_bayou_shore_a
Lair:2:   elwin_shoals_entry_rocks, serial_bayou_shore_b,
          infiniplex_staircase_pool
Lair:4:   minmay_snake_entry_guardpost_small
Lair:5:   serial_bayou_shore_b, infiniplex_staircase_pool_2
Lair:6:   gammafunk_lair_ancient_temple, dpeg_slime_entry_enclosed_altar,
          uniq_kirke
Snake:1:  nicolae_snake_squiggles, lemuel_fruit_tree, uniq_asterion, uniq_aizul
Orc:1:    orc_temple, uniq_erolcha
Orc:2:    st_orc_elflike, uniq_azrael

Table legend:
 A = Turns spent in this place as a percentage of turns spent in the entire game.
 B = Non-inter-level travel turns spent in this place as a percentage of non-inter-level travel turns spent in the entire game.
 C = Inter-level travel turns spent in this place as a percentage of turns spent in this place.
 D = Turns resting spent in this place as a percentage of non-inter-level travel turns spent in this place.
 E = Turns spent auto-exploring this place as a percentage of non-inter-level travel turns spent in this place.
 F = Non-inter-level travel turns spent in this place divided by the number of levels of this place that you've seen.
                   A       B       C       D       E      F
               +-------+-------+-------+-------+-------+----------------------
         Total | 100.0 | 100.0 |   6.2 |  40.7 |  37.9 | 1363.0
       Dungeon |  63.1 |  62.7 |   6.8 |  37.3 |  40.4 | 1423.3
        Temple |   0.1 |   0.1 |  47.1 |   0.0 |  50.0 |  18.0
          Lair |  29.0 |  29.5 |   4.4 |  46.2 |  35.1 | 1677.0
     Snake Pit |   0.1 |   0.1 |   2.9 |   0.0 |  12.1 |  33.0
  Orcish Mines |   7.7 |   7.7 |   7.0 |  48.3 |  28.0 | 1305.5
               +-------+-------+-------+-------+-------+----------------------

Table legend:
 A = Kills in this place as a percentage of kills in entire the game.
 B = Kills by you in this place as a percentage of kills by you in the entire game.
 C = Kills by friends in this place as a percentage of kills by friends in the entire game.
 D = Other kills in this place as a percentage of other kills in the entire game.
 E = Experience gained in this place as a percentage of experience gained in the entire game.
 F = Experience gained in this place divided by the number of levels of this place that you have seen.
                   A       B       C       D       E      F
               +-------+-------+-------+-------+-------+----------------------
         Total | 100.0 | 100.0 |   N/A | 100.0 | 100.0 | 4989.9
       Dungeon |  66.6 |  66.5 |   N/A | 100.0 |  48.6 | 4042.3
          Lair |  21.5 |  21.5 |   N/A |   0.0 |  39.0 | 8100.5
     Snake Pit |   0.4 |   0.4 |   N/A |   0.0 |   1.2 | 1495.0
  Orcish Mines |  11.6 |  11.6 |   N/A |   0.0 |  11.2 | 7007.5
               +-------+-------+-------+-------+-------+----------------------
